 Dungeon Crawl Stone Soup version 0.29-a0-275-g389c0b56f3 (webtiles) character file.

Game seed: 18292851254564897204

206 flyleaff the Shield-Bearer (level 5, -9/47 HPs)
             Began as a Gnoll Fighter on Mar 13, 2022.
             Was a Follower of Sif Muna.
             Killed from afar by Pikel (22 damage)
             ... with a bolt of acid
             ... on level 3 of the Dungeon.
             The game lasted 00:05:30 (3088 turns).

flyleaff the Shield-Bearer (Gnoll Fighter)          Turns: 3088, Time: 00:05:31

Health: -9/47      AC:  5    Str: 17    XL:     5   Next: 84%
Magic:  7/7        EV:  9    Int:  7    God:    Sif Muna [*.....]
Gold:   60         SH:  5    Dex: 12    Spells: 7/7 levels left

rFire   . . .      SeeInvis .   a - +0 trident
rCold   . . .      Faith    .   c - +0 buckler
rNeg    . . .      Spirit   .   b - +0 scale mail
rPois   .          Reflect  .   (no helmet)
rElec   .          Harm     .   j - +0 cloak
rCorr   .          Rampage  .   (no gloves)
Will    .....                   (no boots)
Stlth   ..........              (no amulet)
HPRegen 0.15/turn               (no ring)
MPRegen 0.10/turn               (no ring)

@: corroded, hasted, very quick
A: fangs 1, strong nose, distributed training
a: Renounce Religion, Channel Magic


You were on level 3 of the Dungeon.
You worshipped Sif Muna.
Sif Muna was aware of your devotion.
You visited 1 branch of the dungeon, and saw 4 of its levels.

You collected 60 gold pieces.

Inventory:

Hand Weapons
 a - a +0 trident (weapon)
 d - a +4 quarterstaff of chaos
Missiles
 f - 8 poisoned darts (quivered)
 g - 7 boomerangs
Armour
 b - a +0 scale mail (worn)
 c - a +0 buckler (worn)
 j - a +0 cloak (worn)
Jewellery
 h - a +6 ring of strength
Scrolls
 e - 2 scrolls of identify {unknown}
 k - 2 scrolls of noise {unknown}
 m - a scroll of summoning {unknown}
 n - 3 scrolls of teleportation {unknown}
 o - a scroll of enchant weapon {unknown}
 q - a scroll of holy word {unknown}
Potions
 i - 2 potions of berserk rage {unknown}
 p - a potion of flight {unknown}
 r - 3 potions of curing {unknown}


   Skills:
 + Level 6.7 Fighting
 + Level 1.6 Short Blades
 + Level 1.6 Long Blades
 + Level 1.6 Axes
 + Level 1.6 Maces & Flails
 + Level 4.8 Polearms
 + Level 1.6 Staves
 + Level 1.6 Slings
 + Level 1.6 Bows
 + Level 1.6 Crossbows
 + Level 1.6 Throwing
 + Level 6.7 Armour
 + Level 1.6 Dodging
 + Level 1.6 Stealth
 + Level 6.7 Shields
 + Level 1.6 Unarmed Combat
 + Level 1.6 Spellcasting
 + Level 1.3 Conjurations
 + Level 1.3 Hexes
 + Level 1.3 Summonings
 + Level 1.3 Necromancy
 + Level 1.3 Translocations
 + Level 1.3 Transmutations
 + Level 1.3 Fire Magic
 + Level 1.3 Ice Magic
 + Level 1.3 Air Magic
 + Level 1.3 Earth Magic
 + Level 1.3 Poison Magic
 + Level 1.9 Invocations
 + Level 1.6 Evocations


You had 7 spell levels left.
You didn't know any spells.
Your spell library contained the following spells:

 Spells                   Type           Power      Damage    Failure   Level
 Foxfire                  Conj/Fire      8%         2x1d4     65%         1
 Conjure Flame            Conj/Fire      2%         6-21      95%         3
 Ignite Poison            Fire/Tmut/Pois 2%         N/A       95%         3
 Inner Flame              Hex/Fire       2%         N/A       95%         3
 Tukima's Dance           Hex            2%         N/A       95%         3
 Anguish                  Hex/Necr       1%         N/A       100%        4
 Flame Wave               Conj/Fire      2%         2d4       100%        4
 Sticky Flame             Conj/Fire      2%         2d3       100%        4
 Enfeeble                 Hex            1%         N/A       100%        7


Dungeon Overview and Level Annotations

Branches:
Dungeon (4/15)
 Temple: D:4-7

Altars:
Sif Muna
Yredelemnul

Shops:
D:1 =

Annotations:
D:3 Pikel


Innate Abilities, Weirdness & Mutations

You have very sharp teeth.
Your uncanny sense of smell can sniff out nearby items.
Your experience applies equally to all skills.


Message History

You block the dart slug's attack.
You puncture the dart slug!
You kill the dart slug!
No target in view!
No target in view!
There is a stone staircase leading down here.
k - 2 scrolls labelled YPNEKHICSE (gained 1) Done exploring.
Done exploring.
There is a faded altar of an unknown god here.
You cannot tell which god this altar belongs to.
Convert to them anyway?
Okay, then.
You cannot tell which god this altar belongs to.
Convert to them anyway?
Sif Muna accepts your prayer! Sif Muna welcomes you!
You can now call upon Sif Muna for magical energy.
Done exploring.
Done exploring.
(D) Dungeon
Where to? (Enter - D:3, ? - help)
There is a stone staircase leading down here.
You climb downwards.
Pikel shouts!
The lemure shouts! x4
There is a stone staircase leading up here.
There are monsters nearby!
The lemure attacks as you move away! The lemure hits you.
There is a stone staircase leading up here.
You block the lemure's attack. The lemure hits you.
Pikel hits you with a +0 whip of freezing.
Pikel freezes you.
You climb upwards.
There is a stone staircase leading down here.
You hit Pikel but do no damage.
Pikel zaps a wand.
The bolt of acid hits you!!
Ouch! That really hurt!
* * * LOW HITPOINT WARNING * * *
The acid corrodes you! The lemure barely misses you.
The lemure closely misses you.
It was a potion of haste.
You feel yourself speed up.
Pikel zaps a wand.
The bolt of acid hits you!!
You die...

#####........♣._♣PP.#
#..)))....#.....♣♣..#
..###.#####..♣..♣P..#
### #.# #.........# #
#.# #.........# #.#
#.........#
#####.#####.........#
#........##.....5.<.#
.........##....K@...#
#........##....5....#
#........##.........#
#........##.........#
#........##.........#
#####################


You could see Pikel and 2 lemures.

Vanquished Creatures
  An orc priest (D:3)
  Crazy Yiuf (D:2)
  An orc wizard (D:3)
  An iguana (D:3)
  2 adders (D:3)
  3 dart slugs (D:3)
  11 orcs (D:3)
  3 endoplasms (D:1)
  9 hobgoblins
  3 quokkas
  5 ball pythons
  5 bats
  3 frilled lizards (D:1)
  7 goblins
  4 kobolds
  6 rats
65 creatures vanquished.

Vanquished Creatures (others)
  3 fungi (D:3)
  6 plants
9 creatures vanquished.

Grand Total: 74 creatures vanquished

Notes
Turn   | Place    | Note
-------+----------+-------------------------------------------
     0 | D:1      | flyleaff the Gnoll Fighter began the quest for the Orb.
     0 | D:1      | Reached XP level 1. HP: 23/23 MP: 1/1
   176 | D:1      | Reached XP level 2. HP: 29/29 MP: 2/2
   424 | D:1      | Reached XP level 3. HP: 17/35 MP: 3/3
   739 | D:1      | Found Leaqok's One-of-a-Kind Rings.
  1222 | D:2      | Found a runed translucent door.
  1223 | D:2      | Noticed Crazy Yiuf
  1416 | D:2      | Reached skill level 1 in Invocations
  1569 | D:2      | Killed Crazy Yiuf
  1570 | D:2      | Reached skill level 1 in Short Blades
  1570 | D:2      | Reached skill level 1 in Long Blades
  1570 | D:2      | Reached skill level 1 in Axes
  1570 | D:2      | Reached skill level 1 in Maces & Flails
  1570 | D:2      | Reached skill level 1 in Staves
  1570 | D:2      | Reached skill level 1 in Slings
  1570 | D:2      | Reached skill level 1 in Bows
  1570 | D:2      | Reached skill level 1 in Crossbows
  1570 | D:2      | Reached skill level 1 in Throwing
  1570 | D:2      | Reached skill level 1 in Dodging
  1570 | D:2      | Reached skill level 1 in Stealth
  1570 | D:2      | Reached skill level 1 in Unarmed Combat
  1570 | D:2      | Reached skill level 1 in Spellcasting
  1570 | D:2      | Reached skill level 1 in Evocations
  1570 | D:2      | Reached XP level 4. HP: 8/41 MP: 5/5
  2105 | D:3      | Found a basalt altar of Yredelemnul.
  2161 | D:3      | Reached skill level 1 in Conjurations
  2161 | D:3      | Reached skill level 1 in Hexes
  2161 | D:3      | Reached skill level 1 in Summonings
  2161 | D:3      | Reached skill level 1 in Necromancy
  2161 | D:3      | Reached skill level 1 in Translocations
  2161 | D:3      | Reached skill level 1 in Transmutations
  2161 | D:3      | Reached skill level 1 in Fire Magic
  2161 | D:3      | Reached skill level 1 in Ice Magic
  2161 | D:3      | Reached skill level 1 in Air Magic
  2161 | D:3      | Reached skill level 1 in Earth Magic
  2161 | D:3      | Reached skill level 1 in Poison Magic
  2229 | D:3      | Reached XP level 5. HP: 37/47 MP: 6/6
  2339 | D:3      | Found a faded altar of an unknown god.
  3072 | D:3      | Prayed at the altar of an unknown god.
  3072 | D:3      | Became a worshipper of Sif Muna the Loreminder
  3072 | D:3      | Reached * piety under Sif Muna
  3082 | D:4      | Noticed Pikel
  3082 | D:4      | Noticed a lemure
  3082 | D:4      | Noticed a lemure
  3082 | D:4      | Noticed a lemure
  3082 | D:4      | Noticed a lemure
  3088 | D:3      | Killed from afar by Pikel

Illustrated notes

Levels and vault maps discovered:
D:1:      psy_arrival_fountain, layout_rooms, st_stairs_12,
          nicolae_shop_unique_rings, dk_noncrumbling_4, minmay_misc_feat_encased
D:2:      layout_rooms, chequers_serial_rivers_room_a,
          minmay_goblin_kobold_house, uniq_crazy_yiuf_cottage
D:3:      layout_rooms, mainiacjoe_overflow_cross_hatched,
          dreamdust_ecumenical_altar_grove
D:4:      layout_loops_cross, kennysheep_generic_room_15, uniq_pikel, uniq_ijyb

Skill      XL: |  1  2  3  4 |
---------------+-------------+-----
Invocations    | 1 |  1.9
Short Blades   | 1 |  1.6
Long Blades    | 1 |  1.6
Axes           | 1 |  1.6
Maces & Flails | 1 |  1.6
Staves         | 1 |  1.6
Slings         | 1 |  1.6
Bows           | 1 |  1.6
Crossbows      | 1 |  1.6
Throwing       | 1 |  1.6
Dodging        | 1 |  1.6
Stealth        | 1 |  1.6
Unarmed Combat | 1 |  1.6
Spellcasting   | 1 |  1.6
Evocations     | 1 |  1.6
Conjurations   | 1 |  1.3
Hexes          | 1 |  1.3
Summonings     | 1 |  1.3
Necromancy     | 1 |  1.3
Translocations | 1 |  1.3
Transmutations | 1 |  1.3
Fire Magic     | 1 |  1.3
Ice Magic      | 1 |  1.3
Air Magic      | 1 |  1.3
Earth Magic    | 1 |  1.3
Poison Magic   | 1 |  1.3
Fighting       | |  6.7
Polearms       | |  4.8
Armour         | |  6.7
Shields        | |  6.7

Action                   |  1- 3 |  4- 6 || total
-------------------------+-------+-------++-------
Melee: Trident           |   124 |   122 ||   246
       Bite              |    14 |    12 ||    26
  Use: Potion            |     2 |     1 ||     3
Armor: Scale mail        |    49 |    55 ||   104
Dodge: Dodged            |    45 |    34 ||    79
Block: Buckler           |    30 |    25 ||    55

Table legend: (Time is in decaauts)
 A = Elapsed time spent in this place.
 B = Non-inter-level travel time spent in this place.
 C = Inter-level travel time spent in this place.
 D = Time resting spent in this place.
 E = Time spent auto-exploring this place.
 F = Levels seen in this place.
 G = Mean time per level.
                   A        B        C        D        E       F      G
               +--------+--------+--------+--------+--------+-----+--------+
         Total |   3116 |   3033 |     83 |      0 |   2565 |   4 |  779.0 |
       Dungeon |   3116 |   3033 |     83 |      0 |   2565 |   4 |  779.0 |
               +--------+--------+--------+--------+--------+-----+--------+

Top non-repeatable levels by time:
     D:3: 1215 daAuts
     D:2: 966 daAuts
     D:1: 931 daAuts
     D:4: 3 daAuts
